 Dungeon Crawl Stone Soup version 0.17.1-1-g73c8601 (webtiles) character file.

1682 Andry07 the Slicer (level 9, -5/43 HPs)
             Began as a Vine Stalker Fighter on Dec 27, 2015.
             Was a Follower of the Shining One.
             Slain by a hill giant
             ... wielding a +0 giant club
              (9 damage)
             ... on level 6 of the Dungeon.
             The game lasted 00:12:31 (4246 turns).

Andry07 the Slicer (Vine Stalker Fighter)           Turns: 4246, Time: 00:12:31

Health: -5/43      AC:  7    Str: 27    XL:     9   Next: 2%
Magic:  0/10       EV:  8    Int:  8    God:    the Shining One [*.....]
Gold:   335        SH: 11    Dex: 14    Spells: 0 memorised, 8 levels left

rFire  . . .     SeeInvis .     j - +1 short sword (speed)
rCold  . . .     Clarity  .     b - +0 scale mail
rNeg   . . .     SustAt   .     c - +0 shield
rPois  .         Gourm    .     (no helmet)
rElec  .         Spirit   +     e - +0 cloak
rCorr  .         Warding  .     (no gloves)
rMut   .         Stasis   .     (no boots)
MR     +....                    (no amulet)
Stlth  ..........               (no ring)
                                (no ring)

@: mighty, glowing, somewhat resistant to hostile enchantments, extremely
unstealthy
A: fangs 3, regeneration 2, magic shield, antimagic bite, no device heal 3, rot
immunity
a: Renounce Religion


You were on level 6 of the Dungeon.
You worshipped the Shining One.
The Shining One was aware of your devotion.
You were not hungry.

You visited 2 branches of the dungeon, and saw 7 of its levels.

You collected 335 gold pieces.

Inventory:

Hand Weapons
 g - a +0 flail of protection
 j - a +1 short sword of speed (weapon)
Armour
 b - a +0 scale mail (worn)
 c - a +0 shield (worn)
 e - a +0 cloak (worn)
Scrolls
 a - 2 scrolls of magic mapping
 i - 3 scrolls of teleportation
 n - a scroll of amnesia
 p - a scroll of noise {unknown}
 v - 3 scrolls of remove curse
 y - a scroll of fog {unknown}
 z - a scroll of silence {unknown}
Potions
 d - 2 potions of might
 h - 4 potions of curing
 k - 4 potions of cancellation
 l - a potion of flight {unknown}
 m - a potion of magic {unknown}
 o - a potion of haste {unknown}
 t - a potion of heal wounds {unknown}
 w - a potion of brilliance {unknown}
 x - 2 potions of degeneration {unknown}
Comestibles
 f - a slice of pizza
 q - 2 meat rations
 r - 2 fruits
 s - 2 beef jerkies
 u - 2 bread rations
 A - a chunk of flesh


   Skills:
 - Level 2.6 Fighting
 - Level 8.0(8.3) Short Blades
   Level 2.6(5.8) Long Blades
 - Level 2.4 Armour
 + Level 6.4 Shields


You had 8 spell levels left.
You didn't know any spells.

Dungeon Overview and Level Annotations

Branches:
Dungeon (6/15)             Temple (1/1) D:4

Altars:
Ashenzari
Dithmenos
Elyvilon
Gozag
Kikubaaqudgha
Makhleb
Nemelex Xobeh
Okawaru
Qazlal
Ru
Trog
Vehumet
Xom
Yredelemnul
Zin
The Shining One


Innate Abilities, Weirdness & Mutations

You have razor-sharp teeth.
You heal very quickly.
When hurt, damage is shared between your health and your magic reserves.
Your bite disrupts and absorbs the magic of your enemies.
Potions and wands cannot restore your health.
You are immune to rotting.


Message History

* * * LOW HITPOINT WARNING * * *
The giant frog hits you.
* * * LOW HITPOINT WARNING * * *
You hit the giant frog. You bite the giant frog! You drain its power.
You feel invigorated.
The giant frog is heavily wounded.
The giant frog closely misses you. You block the hill giant's attack.
You puncture the giant frog! Your bite misses the giant frog.
The giant frog is almost dead.
The giant frog hits you!
* * * LOW HITPOINT WARNING * * *
You puncture the giant frog!
You kill the giant frog!
You have reached level 9!
Your experience leads to an increase in your attributes!
Your base attributes are Str 21, Int 8, Dex 14.
Increase (S)trength, (I)ntelligence, or (D)exterity?
You feel stronger.
The hill giant hits you with a giant club!
You die...

.######...#
#....###.. .. #.#.##
#....# # #.#..#
#....# ..##.## #....#
#####..# #....# ##.##
#....# #..# #)...#
########.###C...#
.)........##@####
########..##†########
#............#
#............#
#......†.....#
#............#
...............#
#.#.............# .
#.#...........#


You could see a hill giant.

Vanquished Creatures
  Grinder (D:5)
  A yak (D:5)
  A water moccasin (D:6)
  An ice beast (D:5)
  A sky beast (D:5)
  2 ogres (D:6)
  A centaur (D:6)
  2 giant frogs
  A scorpion (D:5)
  A wyvern skeleton (D:6)
  The ghost of Poody the Shooter, a weakling CeHu (D:3)
  A giant frog skeleton (D:5)
  2 orc priests (D:4)
  2 orc wizards
  2 hounds
  4 worker ants
  A hound skeleton (D:4)
  11 adders
  2 oozes (D:1)
  2 adder skeletons (D:5)
  4 worms
  4 giant geckos
  7 orcs
  4 giant cockroaches
  6 goblins
  11 hobgoblins
  A quokka (D:3)
  2 ball pythons
  5 bats
  A giant gecko skeleton (D:4)
  2 giant gecko zombies
  9 giant newts
  6 kobolds
  A quokka skeleton (D:5)
  A quokka zombie (D:5)
  7 rats
111 creatures vanquished.

Notes
Turn   | Place    | Note
--------------------------------------------------------------
     0 | D:1      | Andry07 the Vine Stalker Fighter began the quest for the Orb.
     0 | D:1      | Reached XP level 1. HP: 11/11 MP: 2/2
   157 | D:1      | Reached XP level 2. HP: 16/16 MP: 3/3
   422 | D:1      | Reached skill level 1 in Short Blades
   422 | D:1      | Reached XP level 3. HP: 16/19 MP: 4/4
   695 | D:2      | Found a shadowy altar of Dithmenos.
   755 | D:2      | Reached XP level 4. HP: 19/23 MP: 3/5
  1131 | D:3      | Found a faded altar to an unknown god.
  1184 | D:3      | Noticed Poody's ghost (weakling CeHu)
  1202 | D:3      | Killed Poody's ghost
  1202 | D:3      | Reached skill level 3 in Short Blades
  1207 | D:3      | Reached XP level 5. HP: 21/27 MP: 6/6
  1531 | D:3      | Reached skill level 4 in Short Blades
  1607 | D:4      | Found a staircase to the Ecumenical Temple.
  1614 | Temple   | Entered the Ecumenical Temple
  1774 | Temple   | Became a worshipper of the Shining One
  1837 | D:4      | Found a bloodstained altar of Trog.
  1846 | D:4      | Found a radiant altar of Vehumet.
  2163 | D:4      | Gained mutation: You heal very quickly. [Vine Stalker growth]
  2163 | D:4      | Reached XP level 6. HP: 14/32 MP: 4/7
  2185 | D:4      | Reached skill level 5 in Short Blades
  2254 | D:4      | Found a sand-covered staircase.
  2350 | D:4      | Found a shadowy altar of Dithmenos.
  2919 | D:5      | Entered Level 5 of the Dungeon
  3037 | D:5      | Noticed a yak
  3053 | D:5      | Killed a yak
  3053 | D:5      | Reached skill level 6 in Short Blades
  3053 | D:5      | Reached XP level 7. HP: 33/35 MP: 8/8
  3163 | D:5      | Noticed Grinder
  3174 | D:5      | Killed Grinder
  3174 | D:5      | Reached skill level 7 in Short Blades
  3174 | D:5      | Gained mutation: You have razor-sharp teeth. [Vine Stalker growth]
  3174 | D:5      | Reached XP level 8. HP: 31/39 MP: 9/9
  3240 | D:5      | Reached * piety under the Shining One
  3317 | D:5      | Reached skill level 8 in Short Blades
  3758 | D:5      | Found a sacrificial altar of Ru.
  4136 | D:6      | Found a shadowy altar of Dithmenos.
  4155 | D:6      | Reached skill level 5 in Shields
  4219 | D:6      | Noticed a hill giant
  4246 | D:6      | Reached XP level 9. HP: 4/43 MP: 5/10
  4246 | D:6      | Slain by a hill giant

Action                   |  1- 3 |  4- 6 |  7- 9 || total
-------------------------+-------+-------+-------++-------
Melee: Long sword        |    28 |       |       ||    28
       Short sword       |    59 |   254 |   150 ||   463
  Use: Scroll            |       |     3 |     4 ||     7
       Potion            |       |     1 |     1 ||     2
  Eat: Chunk             |       |     4 |     2 ||     6
       Bread ration      |       |     1 |       ||     1
